 Dungeon Crawl Stone Soup version 0.28.0-53-g5a82cb258f (webtiles) character file.

Game seed: 14989693759987369610

158965 Gabide the Impaler (level 18, 0/135 HPs)
             Began as a Human Monk on June 2, 2022.
             Was an Elder of Hepliaklqana.
             Slain by a goliath frog (23 damage)
             ... called by a spriggan druid
             ... on level 1 of the Swamp.
             The game lasted 01:53:51 (44131 turns).

Gabide the Impaler (Human Monk)                    Turns: 44131, Time: 01:53:52

Health: 0/135      AC: 17    Str: 12      XL:     18   Next: 36%
Magic:  22/22      EV: 19    Int:  9 (10) God:    Hepliaklqana [****..]
Gold:   2081       SH:  0    Dex: 24      Spells: 17/17 levels left

rFire   . . .      SeeInvis +   a - +2 glaive (chaos)
rCold   . . .      Faith    .   (shield currently unavailable)
rNeg    + . .      Spirit   .   l - +1 scale mail {Will+}
rPois   .          Reflect  .   v - +1 helmet
rElec   .          Harm     .   B - +0 cloak
rCorr   .          Rampage  .   x - +0 pair of gloves
Will    ++...                   (no boots)
Stlth   +.........              S - macabre finger necklace {rN+}
HPRegen 0.32/turn               F - ring of see invisible
MPRegen 0.18/turn               L - +4 ring of protection
                                P - +4 ring of protection

@: about to teleport, corroded
A: reduced essence
a: Renounce Religion, Recall Ancestor, Ancestor Identity, Transference, Idealise


You were on level 1 of the Swamp.
You worshipped Hepliaklqana.
Hepliaklqana was greatly pleased with you.
You visited 6 branches of the dungeon, and saw 27 of its levels.
You also visited: Volcano.

You collected 2731 gold pieces.
You spent 650 gold pieces at shops.

Inventory:

Hand Weapons
 a - a +2 glaive of chaos (weapon)
 e - a +6 halberd of protection
 m - a +0 demon trident
 R - a +2 broad axe of flaming
Missiles
 j - 3 javelins
 t - 4 poisoned darts
 J - a throwing net
 W - 9 silver javelins
Armour
 d - +0 acid dragon scales
 f - +0 ice dragon scales
 g - the +0 hat of Elyvilon's Castigation {Dex+4}
   (You found it on level 2 of the Lair of Beasts)

   Dex:       It affects your dexterity (+4).
 l - a +1 scale mail of willpower (worn)
 v - a +1 helmet (worn)
 x - a +0 pair of gloves (worn)
 B - a +0 cloak (worn)
 G - a +2 pair of boots
 Q - a +4 plate armour of fire resistance
Jewellery
 b - an amulet of the acrobat
 k - a +6 ring of dexterity
 F - a ring of see invisible (left hand)
 L - a +4 ring of protection (right hand)
 M - a +6 ring of dexterity
 P - a +4 ring of protection (on amulet)
 S - the macabre finger necklace (around neck) {rN+}
   (You bought it in a shop on level 2 of the Orcish Mines)

   [amulet of nothing]

   It enables you to equip an extra ring.
   rN:        It protects you from negative energy.
 U - an amulet of magic regeneration
Wands
 r - a wand of mindburst (6)
 C - a wand of flame (67)
 T - a wand of iceblast (2)
 X - a wand of acid (3)
 Y - a wand of charming (6) (quivered)
Scrolls
 c - 5 scrolls of silence
 p - 2 scrolls of identify
 y - 4 scrolls of teleportation
 A - a scroll of immolation
 E - 5 scrolls of magic mapping
 H - a scroll of fog
 K - 4 scrolls of vulnerability
 N - 3 scrolls of amnesia
 Z - a scroll of torment
Potions
 h - 2 potions of resistance
 i - 9 potions of brilliance
 n - 5 potions of curing
 o - 4 potions of attraction
 q - 6 potions of mutation
 s - 2 potions of might
 u - 4 potions of cancellation
 w - 3 potions of flight
 z - 5 potions of magic
 I - 3 potions of haste
Miscellaneous
 D - a phial of floods (inert)
 O - a condenser vane (inert)


   Skills:
 - Level 16.0 Fighting
 - Level 20.0 Polearms
 - Level 6.0 Armour
 + Level 15.7 Dodging
 - Level 2.0 Stealth
 - Level 6.0 Invocations


You had 17 spell levels left.
You didn't know any spells.
Your spell library contained the following spells:

 Spells                   Type           Power      Damage    Failure   Level
 Animate Skeleton         Necr           0%         N/A       87%         1
 Freeze                   Ice            0%         1d3       87%         1
 Magic Dart               Conj           0%         1d3       87%         1
 Shock                    Conj/Air       0%         1d3       87%         1
 Call Imp                 Summ           0%         N/A       95%         2
 Static Discharge         Conj/Air       0%         N/A       95%         2
 Dazzling Flash           Conj/Hex       0%         N/A       99%         3
 Frozen Ramparts          Ice            0%         1d2       99%         3
 Gell's Gravitas          Tloc           0%         N/A       99%         3
 Lesser Beckoning         Tloc           0%         N/A       99%         3
 Mephitic Cloud           Conj/Pois/Air  0%         N/A       99%         3
 Swiftness                Air            0%         N/A       99%         3
 Teleport Other           Tloc           0%         N/A       99%         3
 Tukima's Dance           Hex            0%         N/A       99%         3
 Airstrike                Air            0%         N/A       100%        4
 Anguish                  Hex/Necr       0%         N/A       100%        4
 Animate Armour           Summ/Erth      0%         N/A       100%        4
 Animate Dead             Necr           0%         N/A       100%        4
 Dispel Undead            Necr           0%         3d6       100%        4
 Hailstorm                Conj/Ice       0%         3d3       100%        4
 Iskenderun's Mystic Bla  Conj/Tloc      0%         2d3       100%        4
 Sticky Flame             Conj/Fire      0%         2d3       100%        4
 Blade Hands              Tmut           0%         N/A       100%        5
 Borgnjor's Vile Clutch   Necr/Erth      0%         N/A       100%        5
 Fireball                 Conj/Fire      0%         3d3       100%        5
 Iskenderun's Battlesphe  Conj           0%         2d6       100%        5
 Conjure Ball Lightning   Conj/Air       0%         3x3d6     100%        6
 Iron Shot                Conj/Erth      0%         9d1       100%        6
 Starburst                Conj/Fire      0%         6d3       100%        6
 Enfeeble                 Hex            0%         N/A       100%        7
 Orb of Destruction       Conj           0%         9d5       100%        7
 Necromutation            Tmut/Necr      0%         N/A       100%        8


Dungeon Overview and Level Annotations

Branches:
Dungeon (15/15)            Temple (1/1) D:4            Lair (6/6) D:10
  Swamp (2/4) Lair:4        Snake (0/4) Lair:2        Slime (0/5) Lair:5
    Orc (2/2) D:10            Elf (1/3) Orc:2        Vaults (0/5) D:13
 Depths (0/4) D:15        Volcano (visited)

Altars:
Ashenzari
Cheibriados
Dithmenos
Elyvilon
Fedhas
Gozag
Hepliaklqana
Kikubaaqudgha
Makhleb
Nemelex Xobeh
Okawaru
Qazlal
Ru
Sif Muna
Trog
Uskayaw
Vehumet
Wu Jian
Xom
Yredelemnul
Zin
The Shining One
Beogh
Jiyva

Shops:
D:4 :   D:5 ((*   D:9 :   D:10 *   Orc:1 :   Orc:2 =[*(

Portals:
Abyss: D:5

Annotations:
D:5 2 transporters, duchin's ghost, novice BaFi
D:6 2 transporters, kalagan's ghost, novice DECj
Lair:6 2 transporters, exclusion: ice statue, Feoredd's ghost, journeyman MiBe
Elf:1 exclusion: orange crystal statue, Donald


Message History

As you read the scroll of teleportation, it crumbles to dust.
You feel strangely unstable. The goliath frog hits you from afar!
You are splashed with acid!
* * * LOW HITPOINT WARNING * * *
Ilshubani misses the spriggan.
Ilshubani closely misses the spriggan.
Ilshubani blocks the spriggan's attack.
The spriggan hits Ilshubani but does no damage.
The goliath frog closely misses you. The goliath frog completely misses you.
The spriggan hits Ilshubani but does no damage.
The spriggan hits Ilshubani with a +0 short sword.
Ilshubani barely misses the spriggan.
Ilshubani hits the spriggan with a +0 broad axe of flaming!
Ilshubani burns the spriggan.
The spriggan dies!
You catch the helpless spriggan completely off-guard!
You hit the spriggan.
You kill the spriggan!
The goliath frog hits you but does no damage.
The goliath frog hits you from afar.
* * * LOW HITPOINT WARNING * * *
You are splashed with acid!
* * * LOW HITPOINT WARNING * * *
You feel better.
Ilshubani blocks the vampire mosquito's attack.
The goliath frog closely misses you.
Ilshubani hits the vampire mosquito with a +0 broad axe of flaming!
Ilshubani burns the vampire mosquito.
Ilshubani hits the tyrant leech with a +0 broad axe of flaming!
Ilshubani burns the tyrant leech.
The goliath frog hits you from afar.
* * * LOW HITPOINT WARNING * * *
The acid corrodes you!
You are splashed with acid!
* * * LOW HITPOINT WARNING * * *
The tyrant leech completely misses you.
Ilshubani blocks the vampire mosquito's attack.
Okay, then.
As you read the scroll of fog, it crumbles to dust.
The scroll dissolves into smoke.
The vampire mosquito bites Ilshubani but does no damage.
The goliath frog hits you from afar!!
You die...

.≈≈ .≈. ....
♣..♣♣§. ....
♣≈≈... ♣♣...
♣≈≈≈. ...♣
♣≈.≈. w..♣
♣≈.F♣♣yF.♣♣♣.
♣§§RwwD≈≈..
♣§@♣ ♣♣♣♣


You could see the friendly Ilshubani the knight, 2 tyrant leeches, 2 goliath
frogs and a vampire mosquito (ally target).

Vanquished Creatures
  Rupert (Orc:1)
  Jorgrun (D:12)
  Kirke (D:15)
  An orc warlord (Orc:1)
  An eleionoma (Swamp:1)
  A red draconian (Volcano)
  Snorg (Lair:5)
  A fire dragon (D:15)
  2 ice dragons
  Erolcha (D:12)
  4 vault guards (D:13)
  2 catoblepae
  An ogre mage (D:15)
  2 hydras (Lair:6)
  A rakshasa (D:15)
  3 boulder beetles
  5 centaur warriors
  7 two-headed ogres
  A death knight (D:13)
  A tengu warrior (D:13)
  9 death yaks
  2 orc high priests
  A deep elf knight (Elf:1)
  The ghost of kalagan the Thaumaturge, a novice DECj of Sif Muna (D:8)
  A spriggan druid (Swamp:1)
  A deep elf archer (Elf:1)
  3 orc knights
  Pikel (D:4)
  A lindwurm (Lair:1)
  5 deep elf zephyrmancers (Elf:1)
  3 deep elf pyromancers (Elf:1)
  A wolf spider (D:13)
  An orc sorcerer (Orc:2)
  3 cyclopes
  5 manticores
  15 ugly things
  5 elephants (Lair:6)
  2 black mambas
  2 orange demons (D:11)
  10 cane toads
  2 unseen horrors (D:12)
  3 gargoyles (D:13)
  A kobold demonologist (D:13)
  10 komodo dragons
  5 rime drakes
  An efreet (D:13)
  A freezing wraith (D:14)
  A tengu conjurer (D:13)
  A yaktaur (Volcano)
  3 red devils (D:11)
  5 trolls
  4 polar bears
  A tyrant leech (Swamp:1)
  3 hornets (Lair:6)
  9 slime creatures
  A dream sheep (Lair:6)
  6 blink frogs
  A shadow (D:12)
  11 spriggans
  A wraith (D:13)
  2 wyverns
  29 yaks
  2 basilisks
  Grum (D:6)
  A fire elemental (Elf:1)
  A steam dragon (D:7)
  2 hogs (D:15)
  4 vampire mosquitoes
  Menkaure (D:6)
  3 swamp worms
  7 water moccasins
  An acid dragon (D:6)
  A hornet zombie (D:7)
  17 orc warriors
  A meliai simulacrum (D:13)
  An ice beast (D:6)
  3 sky beasts
  4 black bears
  A black bear (shapeshifter) (D:14)
  18 wolves
  2 necrophages
  10 centaurs
  6 ogres
  2 boggarts (Lair:6)
  4 gnoll sergeants (D:6)
  5 bullfrogs
  An earth elemental (Orc:2)
  2 scorpions
  A scorpion (shapeshifter) (D:8)
  2 killer bees (D:11)
  7 wights
  2 howler monkeys
  12 hounds
  11 orc priests
  2 bullfrog skeletons (D:6)
  3 jellies
  3 iguanas
  A gnoll shaman (D:5)
  16 orc wizards
  5 hell rats (Lair:5)
  A killer bee zombie (D:5)
  2 hound skeletons
  A howler monkey zombie (D:5)
  12 gnolls
  10 adders
  3 white imps
  An ufetubus (D:6)
  An adder skeleton (D:4)
  3 worms
  3 dart slugs
  58 orcs
  4 bats
  7 endoplasms
  7 giant cockroaches
  12 goblins
  7 hobgoblins
  5 jackals
  9 kobolds
  3 quokkas
  6 ball pythons
  4 frilled lizards (D:1)
  4 rats
540 creatures vanquished.

Vanquished Creatures (collateral kills)
  A bunyip (Swamp:2)
  6 hydras
  3 two-headed ogres
  2 centaur warriors
  Urug (Orc:2)
  2 death yaks
  2 deep elf knights (Elf:1)
  Sonja (Lair:1)
  A fire crab (Lair:6)
  2 orc knights (Orc:2)
  5 deep elf pyromancers
  A wizard (D:15)
  3 deep elf zephyrmancers
  An orc sorcerer (Orc:2)
  13 ugly things
  2 cyclopes (D:14)
  An elephant (Lair:6)
  3 black mambas
  6 cane toads
  An unseen horror (D:13)
  A torpor snail (Lair:3)
  2 orange demons (D:11)
  3 komodo dragons (Lair:6)
  2 efreet
  2 rime drakes
  A yaktaur (Volcano)
  A tengu conjurer (D:13)
  6 polar bears
  4 hornets
  4 blink frogs
  A troll (D:10)
  8 slime creatures
  A dream sheep (Lair:6)
  A centaur simulacrum (D:13)
  5 spriggans
  A fire bat (shapeshifter) (D:8)
  3 wyverns
  A basilisk (Lair:2)
  2 hogs (D:15)
  A steam dragon (D:9)
  A neqoxec (D:8)
  20 yaks
  5 vampire mosquitoes
  2 wargs (Orc:2)
  2 water moccasins
  An ice beast (D:13)
  2 ogres
  15 orc warriors
  A boggart (Lair:6)
  A black bear (Lair:6)
  3 centaurs
  12 wolves
  A gnoll sergeant (D:9)
  4 killer bees (D:11)
  3 wights (D:9)
  A howler monkey (D:11)
  2 jellies (Lair:5)
  5 orc priests
  11 orc wizards
  2 hell rats (Lair:5)
  2 howler monkey zombies (D:9)
  3 gnolls
  An adder (shapeshifter) (D:8)
  An ufetubus (D:13)
  21 orcs
  A butterfly (Lair:3)
230 creatures vanquished.

Vanquished Creatures (others)
  A water elemental (Elf:1)
  A centaur (D:13)
  22 knights
  An orc wizard (D:5)
  An orc (Orc:2)
  A bush (Lair:6)
  34 fungi
  49 plants
110 creatures vanquished.

Grand Total: 880 creatures vanquished

Notes
Turn   | Place    | Note
-------+----------+-------------------------------------------
     0 | D:1      | Gabide the Human Monk began the quest for the Orb.
     0 | D:1      | Reached XP level 1. HP: 18/18 MP: 1/1
   109 | D:1      | Reached XP level 2. HP: 21/24 MP: 2/2
   547 | D:1      | Reached skill level 4 in Polearms
   547 | D:1      | Reached XP level 3. HP: 27/29 MP: 3/3
  1590 | D:2      | Reached XP level 4. HP: 35/35 MP: 4/4
  1877 | D:2      | Found a faded altar of an unknown god.
  2333 | D:2      | Reached skill level 5 in Polearms
  3032 | D:3      | Reached XP level 5. HP: 15/41 MP: 5/5
  3697 | D:3      | Found a bloodstained altar of Trog.
  4486 | D:3      | Reached skill level 6 in Polearms
  4854 | D:3      | Reached XP level 6. HP: 47/47 MP: 6/6
  5506 | D:4      | Found a staircase to the Ecumenical Temple.
  5516 | Temple   | Entered the Ecumenical Temple
  5849 | D:4      | Noticed Pikel
  5861 | D:4      | Killed Pikel
  5862 | D:4      | Reached skill level 8 in Polearms
  5862 | D:4      | Reached XP level 7. HP: 28/52 MP: 7/7
  5862 | D:4      | Reached XP level 8. HP: 31/58 MP: 8/8
  6119 | D:4      | Found Hemiadaw's Book Shoppe.
  6471 | D:4      | Reached skill level 9 in Polearms
  7284 | D:5      | Entered Level 5 of the Dungeon
  7393 | D:5      | Found a transporter.
  7494 | D:5      | Reached skill level 10 in Polearms
  7838 | D:5      | Found a transporter.
  7840 | D:5      | Found a one-way gate to the infinite horrors of the Abyss.
  7840 | D:5      | Noticed duchin's ghost (novice BaFi)
  8117 | D:5      | Found Ityum's Weapon Shoppe.
  8131 | D:5      | Found Beduuc's Antique Weapon Boutique.
  8285 | D:5      | Found Zimaam's Elemental Accessories.
  8350 | D:5      | Found an ornate altar of the Wu Jian Council.
  8540 | D:5      | Reached XP level 9. HP: 45/63 MP: 9/9
  8841 | D:6      | Reached skill level 11 in Polearms
  8856 | D:6      | Noticed a two-headed ogre
  9635 | D:5      | HP: 3/63 [black bear (10)]
  9635 | D:5      | HP: 1/63 [black bear (2)]
  9638 | D:5      | Reached skill level 12 in Polearms
 10518 | D:6      | Noticed Menkaure
 10526 | D:6      | Killed Menkaure
 10760 | D:6      | Noticed Grum
 10781 | D:6      | Killed Grum
 11119 | D:6      | Found a transporter.
 11158 | D:6      | Identified the +1 scale mail of the Jackalope {-Cast Dex+5}
 11292 | D:6      | Reached skill level 5 in Fighting
 11292 | D:6      | Reached skill level 5 in Dodging
 11292 | D:6      | Reached XP level 10. HP: 52/74 MP: 10/10
 11698 | D:6      | Found a transporter.
 11699 | D:6      | Noticed kalagan's ghost (novice DECj)
 13658 | D:8      | Found a runed translucent gate.
 13659 | D:8      | Found a runed translucent gate.
 13659 | D:8      | Noticed a brown ugly thing
 13659 | D:8      | Noticed a cyan ugly thing
 13659 | D:8      | Noticed a cyan ugly thing
 13660 | D:8      | Found a runed translucent gate.
 13660 | D:8      | Noticed a brown ugly thing
 13660 | D:8      | Noticed a white ugly thing
 13760 | D:9      | Found a hazy altar of Hepliaklqana.
 13788 | D:9      | Became a worshipper of Hepliaklqana the Forgotten
 13788 | D:9      | Reached * piety under Hepliaklqana
 13788 | D:9      | Reached ** piety under Hepliaklqana
 13789 | D:9      | Remembered your ancestor Ilshubani as a knight
 13809 | D:9      | Got Nyfyum's Catalogue of Evil
 13832 | D:9      | Noticed a two-headed ogre
 13840 | D:9      | Killed a two-headed ogre
 13974 | D:9      | Noticed a two-headed ogre
 14320 | D:8      | Killed a two-headed ogre
 14321 | D:8      | Reached XP level 11. HP: 44/77 MP: 11/11
 14715 | D:9      | HP: 3/77 [orc warrior/+0 trident (13)]
 15236 | D:9      | Found Vuid Lym's Book Boutique.
 15444 | D:10     | Entered Level 10 of the Dungeon
 15664 | D:9      | Reached skill level 13 in Polearms
 16005 | D:10     | Noticed a two-headed ogre
 16048 | D:10     | Killed a two-headed ogre
 16084 | D:10     | Found a staircase to the Lair.
 16150 | D:10     | Found Xaogeaq's General Store.
 16283 | D:10     | Bought a scroll of identify for 30 gold pieces
 16283 | D:10     | Bought a potion of might for 60 gold pieces
 16343 | D:10     | Noticed a green ugly thing
 16354 | D:10     | Killed a green ugly thing
 16355 | D:10     | Reached skill level 14 in Polearms
 16648 | D:10     | Found a staircase to the Orcish Mines.
 16936 | D:11     | Reached skill level 1 in Armour
 16961 | D:11     | Reached *** piety under Hepliaklqana
 17406 | D:11     | Reached XP level 12. HP: 63/82 MP: 12/12
 17412 | D:11     | Reached skill level 15 in Polearms
 17968 | D:12     | Noticed Jorgrun
 17992 | D:12     | Killed Jorgrun
 18264 | D:12     | Noticed Erolcha
 18272 | D:12     | Killed Erolcha
 18273 | D:12     | Reached skill level 16 in Polearms
 18285 | D:12     | Noticed a two-headed ogre
 18294 | D:12     | Killed a two-headed ogre
 18505 | Lair:1   | Entered Level 1 of the Lair of Beasts
 19019 | Lair:1   | Noticed Sonja
 19035 | Lair:1   | Reached skill level 10 in Fighting
 19066 | Lair:1   | Killed Sonja
 19626 | Lair:1   | Reached XP level 13. HP: 94/94 MP: 13/13
 20258 | Lair:2   | Noticed a six-headed hydra
 20258 | Lair:2   | Reached **** piety under Hepliaklqana
 20258 | Lair:2   | Found a staircase to the Snake Pit.
 20270 | Lair:2   | Killed a nine-headed hydra
 20593 | Lair:2   | Noticed a seven-headed hydra
 20598 | Lair:2   | Noticed a six-headed hydra
 20660 | Lair:2   | Killed a seven-headed hydra
 20804 | Lair:2   | Killed a six-headed hydra
 20974 | Lair:2   | Identified the +0 hat of Elyvilon's Castigation {Dex+4}
 22564 | Lair:3   | Reached skill level 10 in Dodging
 23892 | Lair:3   | Identified the +5 flail of Fee Simple {vorpal, rElec rF+}
 24104 | Lair:4   | Found a staircase to the Swamp.
 24476 | Lair:4   | Identified a scroll of acquirement
 24477 | Lair:4   | Acquired a +6 halberd of protection
 24805 | Lair:4   | Reached ***** piety under Hepliaklqana
 24885 | Lair:4   | Reached XP level 14. HP: 93/103 MP: 14/14
 25961 | Lair:5   | Noticed Snorg
 25975 | Lair:5   | Killed Snorg
 26160 | Lair:5   | Reached skill level 17 in Polearms
 26190 | Lair:5   | Found a dark tunnel.
 26196 | Volcano  | Entered a volcano
 26220 | Volcano  | Noticed a red draconian
 26240 | Volcano  | Killed a red draconian
 27168 | Lair:5   | Found a runed translucent door.
 27169 | Lair:5   | Found a viscous altar of Jiyva.
 27170 | Lair:5   | Found a staircase to the Slime Pits.
 27640 | Lair:6   | Entered Level 6 of the Lair of Beasts
 27768 | Lair:6   | Reached skill level 18 in Polearms
 28214 | Lair:6   | Found a transporter.
 28218 | Lair:6   | Found a transporter.
 28546 | Lair:6   | Reached XP level 15. HP: 108/108 MP: 15/15
 28555 | Lair:6   | Reached skill level 19 in Polearms
 29138 | Lair:6   | Noticed Feoredd's ghost (journeyman MiBe)
 29721 | Lair:6   | Reached skill level 20 in Polearms
 30685 | Orc:1    | Entered Level 1 of the Orcish Mines
 30808 | Orc:1    | Reached skill level 5 in Armour
 31310 | Orc:1    | Found Boisez's Book Boutique.
 31448 | Orc:2    | Entered Level 2 of the Orcish Mines
 31453 | Orc:2    | Noticed an orc warlord
 31539 | Orc:1    | Killed an orc warlord
 31805 | Orc:1    | Reached skill level 1 in Invocations
 31972 | Orc:2    | Noticed Urug
 32016 | Orc:2    | Killed Urug
 32545 | Orc:2    | Noticed Rupert
 32589 | Orc:1    | Killed Rupert
 32915 | Orc:2    | Reached skill level 5 in Invocations
 33084 | Orc:2    | Found Ishaurag's Antique Weapon Shop.
 33095 | Orc:2    | Found Cuomm's General Store.
 33279 | Orc:2    | Found Niloyle's Antique Armour Shop.
 33294 | Orc:2    | Found Mibrud's Jewellery Shop.
 33458 | Orc:2    | Found a staircase to the Elven Halls.
 33592 | Orc:2    | Bought the macabre finger necklace {rN+} for 560 gold
                  | pieces
 33592 | Orc:2    | Found the macabre finger necklace {rN+}
 34433 | D:12     | Reached XP level 16. HP: 117/117 MP: 20/20
 35098 | D:12     | Reached XP level 17. HP: 123/123 MP: 21/21
 36555 | D:13     | Found a gate to the Vaults.
 36559 | D:13     | Reached skill level 15 in Fighting
 39351 | D:15     | Entered Level 15 of the Dungeon
 40099 | D:15     | Noticed Kirke
 40101 | D:15     | Noticed a sphinx
 40120 | D:15     | Killed Kirke
 40217 | D:15     | Found a shadowy altar of Dithmenos.
 40565 | D:15     | Found a white marble altar of Elyvilon.
 40688 | D:15     | HP: 4/129 [ice dragon/blast of cold (37)]
 40702 | D:15     | Reached XP level 18. HP: 59/135 MP: 17/22
 40941 | D:15     | Found a staircase to the Depths.
 41334 | Elf:1    | Entered Level 1 of the Elven Halls
 42720 | Elf:1    | Reached skill level 15 in Dodging
 42769 | Elf:1    | Noticed Donald
 43502 | D:8      | Found a runed translucent gate.
 43502 | D:8      | Found a runed translucent gate.
 43504 | D:8      | Found a runed translucent gate.
 43505 | D:8      | Noticed kalagan's ghost (novice DECj)
 43516 | D:8      | Killed kalagan's ghost
 43858 | Swamp:1  | Entered Level 1 of the Swamp
 43959 | Swamp:1  | You fall into a shaft and drop 1 floor!
 44131 | Swamp:1  | Slain by a goliath frog

Illustrated notes

Levels and vault maps discovered:
D:1:      nicolae_arrival_somewhat_less_tricky_arrival, layout_basic
D:2:      cheibrodos_helix_gallery, layout_basic,
          dreamdust_ecumenical_altar_grove
D:3:      layout_basic, lemuel_coloured_pillars_altar, grunt_ministairs_3,
          grunt_decor_mini_mirrors
D:4:      minmay_spotlight, layout_loops_corners, temple_fountains,
          serial_shops, nicolae_stop_n_shop_2, uniq_pikel
D:5:      layout_cave_pools, nicolae_wu_jian_immortal_techniques, serial_shops,
          nicolae_shop_crystal, gammafunk_ghost_abyssal_escape,
          nicolae_elemental_shop, kennysheep_windowed_goal
D:6:      layout_cave_pools, gammafunk_ghost_gnarly_gnolls, serial_gnoll_camp,
          gnoll_camp_mini_loothouse, grums_kennel, gnoll_camp_mini_sergeant,
          gnoll_camp_mini_hut, gnoll_camp_mini_basic, gnoll_camp_mini_hut,
          uniq_menkaure
D:7:      layout_basic, hex_tiny, kennysheep_potato
D:8:      layout_gridville, ploomutoo_gammafunk_ghost_potion_laboratory
D:9:      layout_rooms, amcnicky_altar_gilded, serial_shops,
          nicolae_square_shop, grunt_ministairs_1
D:10:     layout_rooms, david_lair_shrubbed, david_orc_4, serial_shops,
          nicolae_shop_window_shopping, serial_bayou_pond_d
D:11:     layout_cave_pools, minmay_beelzebubs_servants
D:12:     kennysheep_big_flooded_room, layout_loops_ring,
          portal_ice_cave_entry_animals_and_master, uniq_jorgrun, uniq_erolcha
D:13:     layout_basic, lightli_vaults_fourway_checkpoint, serial_ice,
          serial_ice_g, serial_ice_c, serial_ice_h, serial_ice_k,
          minmay_circle_x
D:14:     minmay_stone_box, layout_long_grid, dk_noncrumbling_4
D:15:     grunt_enter_depths_hoard, layout_stronghold,
          nicolae_elyvilon_peaceful_grove, st_stairs_6, minmay_variable_closet,
          nicolae_dithmenos_shadow_blocks, uniq_kirke
Temple:   mainiacjoe_temple_bowtie_tessellation
Lair:1:   layout_cave_pods, uniq_sonja
Lair:2:   layout_long_grid, guppyfry_snake_entry_island, gauntlet_entry_generic
Lair:3:   layout_small_grid, infiniplex_staircase_pool_2, grunt_megastairs_3,
          lemuel_fruit_fields
Lair:4:   layout_cellular_growth, minmay_swamp_entry_worms
Lair:5:   layout_long_grid, slime_altar_2, nicolae_volcano_entry_s_turn,
          serial_bayou_shore_b, uniq_snorg
Lair:6:   minmay_lair_end_enchanted_forest, layout_loops_ring,
          nzn_ghost_randoct, lemuel_fruit_fields
Swamp:1:  nicolae_swamp_secret_spriggan_hideout, layout_basic_swamp,
          hangedman_swamp_blocks, uniq_nikola
Swamp:2:  layout_falls_marsh, evilmike_swamp_ruin_house_4
Orc:1:    layout_caves, serial_shops, shop, basic_altar
Orc:2:    grunt_orc_cross, layout_caves, uniq_rupert
Elf:1:    elf_arrival_002, layout_loops_corners, minivault_28, minivault_16,
          grunt_ministairs_2, uniq_donald

Skill      XL: |  1  2  3  4  5  6  7  8  9 10 11 12 13 14 15 16 17 18 |
---------------+-------------------------------------------------------+-----
Polearms       | 4 5 6 8 10 12 14 16 18 20 | 20.0
Fighting       | 5 8 10 12 13 16 | 16.0
Dodging        | 5 8 12 14 15 | 15.7
Armour         | 3 6 |  6.0
Invocations    | 6 |  6.0
Stealth        | |  2.0

Action                   |  1- 3 |  4- 6 |  7- 9 | 10-12 | 13-15 | 16-18 || total
-------------------------+-------+-------+-------+-------+-------+-------++-------
Melee: Spear             |   153 |   248 |   118 |    20 |       |       ||   539
       Punch             |     1 |     2 |     6 |       |       |       ||     9
       Trident           |       |       |   220 |       |       |       ||   220
       Halberd           |       |       |    99 |   327 |   149 |     4 ||   579
       Glaive            |       |       |       |   147 |   787 |   603 ||  1537
       Demon trident     |       |       |       |    15 |    17 |       ||    32
       Broad axe         |       |       |       |       |     6 |       ||     6
Throw: Stone             |    34 |    50 |    11 |       |       |       ||    95
       Dart              |       |    13 |    46 |    24 |    77 |     6 ||   166
       Javelin           |       |       |       |    13 |    71 |    13 ||    97
       Throwing net      |       |       |       |       |     3 |       ||     3
Invok: Recall Ancestor   |       |       |       |     3 |     3 |     9 ||    15
       Ancestor Life: Kn |       |       |       |     1 |       |       ||     1
       Ancestor Identity |       |       |       |     1 |       |       ||     1
       Transference      |       |       |       |       |     3 |     6 ||     9
       Idealise          |       |       |       |       |     2 |     7 ||     9
Evoke: Wand              |       |       |       |    15 |    10 |     2 ||    27
       Phial of floods   |       |       |       |     1 |       |     2 ||     3
       Condenser vane    |       |       |       |       |     1 |     1 ||     2
  Use: Scroll            |     3 |     6 |     9 |    14 |     9 |    11 ||    52
       Potion            |       |     6 |     4 |     5 |     8 |    12 ||    35
 Stab: Sleeping          |     3 |     2 |       |     1 |     2 |       ||     8
       Distracted        |       |       |     1 |     3 |    33 |    12 ||    49
       Held in net/web   |       |       |       |       |     2 |       ||     2
       Fleeing           |       |       |       |       |     1 |       ||     1
       Confused          |       |       |       |       |     3 |     2 ||     5
       Petrifying        |       |       |       |       |       |     1 ||     1
Armor: Robe              |    14 |     4 |    78 |       |       |       ||    96
       Ring mail         |       |    30 |       |       |       |       ||    30
       Skin              |       |    42 |    44 |       |       |       ||    86
       Acid dragon scale |       |       |    24 |     5 |       |       ||    29
       Scale mail        |       |       |       |   181 |   241 |   146 ||   568
Dodge: Dodged            |    82 |    82 |   233 |   326 |   572 |   315 ||  1610
